 Dungeon Crawl Stone Soup version 0.27.1-1-g398f81649c (webtiles) character file.

Game seed: 11444283117511463086

5514 bnorton916 the Jinx (level 10, -5/50 HPs)
             Began as a Deep Elf Conjurer on Sept 13, 2021.
             Was a Follower of Vehumet.
             Slain by an unseen horror (8 damage)
             ... on level 8 of the Dungeon.
             The game lasted 00:16:36 (10303 turns).

bnorton916 the Jinx (Deep Elf Conjurer)            Turns: 10303, Time: 00:16:36

Health: -5/50      AC:  8    Str: 11    XL:     10   Next: 43%
Magic:  13/20      EV: 15    Int: 26    God:    Vehumet [*.....]
Gold:   352        SH:  5    Dex: 13    Spells: 2/20 levels left

rFire    . . .     SeeInvis .   C - +2 dagger (venom)
rCold    . . .     Faith    .   c - +0 buckler
rNeg     . . .     Spirit   .   B - +1 steam dragon scales
rPois    .         Reflect  .   (no helmet)
rElec    .         Harm     .   (no cloak)
rCorr    .         Rampage  .   (no gloves)
Will     +....                  a - +0 pair of boots
Stlth    ++........             n - amulet of magic regeneration
HPRegen  0.16/turn              b - +6 ring of strength
MPRegen  0.42/turn              (no ring)

@: marked
A: no striking features
a: Renounce Religion


You were on level 8 of the Dungeon.
You worshipped Vehumet.
Vehumet was aware of your devotion.
You visited 2 branches of the dungeon, and saw 9 of its levels.
You also visited: Sewer.

You collected 418 gold pieces.
You spent 66 gold pieces at shops.

Inventory:

Hand Weapons
 d - a +2 rapier of holy wrath
 m - a +0 short sword of speed
 s - a +1 dagger of chaos
 C - a +2 dagger of venom (weapon)
Missiles
 o - 43 poisoned darts
Armour
 a - a +0 pair of boots (worn)
 c - a +0 buckler (worn)
 y - a +2 robe of willpower
 B - +1 steam dragon scales (worn)
Jewellery
 b - a +6 ring of strength (left hand)
 n - an amulet of magic regeneration (around neck)
 w - an amulet of reflection
Wands
 e - a wand of flame (9)
 r - a wand of digging (4)
Scrolls
 g - 2 scrolls of teleportation
 h - a scroll of immolation
 t - a scroll of identify
 x - a scroll of summoning {unknown}
 z - a scroll of torment {unknown}
 A - a scroll of enchant armour {unknown}
Potions
 f - 2 potions of attraction
 i - a potion of cancellation
 j - 2 potions of flight
 k - 2 potions of lignification
 l - 5 potions of curing
 p - 3 potions of heal wounds
 q - a potion of mutation {unknown}
 u - a potion of invisibility {unknown}
 v - a potion of degeneration {unknown}


   Skills:
 - Level 4.0 Armour
 - Level 7.2 Dodging
 - Level 2.4 Stealth
 - Level 4.0 Shields
 - Level 5.6 Spellcasting
 - Level 5.9 Conjurations
 - Level 8.7 Hexes
 - Level 7.2 Translocations
 + Level 4.9 Fire Magic
 + Level 4.9 Ice Magic


You had 2 spell levels left.
You knew the following spells:

 Your Spells              Type           Power      Damage    Failure   Level
a - Magic Dart            Conj           100%       1d8       1%          1
b - Searing Ray           Conj           76%        3d6       1%          2
c - Fulminant Prism       Conj/Hex       22%        3d13      3%          4
d - Iskenderun's Mystic   Conj/Tloc      41%        2d9       4%          4
e - Ozocubu's Armour      Ice            32%        N/A       2%          3
f - Sticky Flame          Conj/Fire      35%        2d5       8%          4

Your spell library contained the following spells:

 Spells                   Type           Power      Damage    Failure   Level
 Freeze                   Ice            100%       1d11      1%          1
 Shock                    Conj/Air       88%        1d8       2%          1
 Static Discharge         Conj/Air       22%        N/A       3%          2
 Passwall                 Tmut/Erth      5%         N/A       11%         2
 Dazzling Flash           Conj/Hex       90%        N/A       1%          3
 Conjure Flame            Conj/Fire      35%        6-21      2%          3
 Ignite Poison            Fire/Tmut/Pois 15%        N/A       11%         3
 Metabolic Englaciation   Hex/Ice        21%        N/A       12%         5
 Swiftness                Air            7%         N/A       22%         3
 Invisibility             Hex            26%        N/A       30%         6
 Lightning Bolt           Conj/Air       11%        1d24      52%         5
 Airstrike                Air            3%         N/A       58%         4
 Simulacrum               Ice/Necr       10%        N/A       99%         6
 Maxwell's Capacitive Co  Air            3%         ∞         100%        8


Dungeon Overview and Level Annotations

Branches:
Dungeon (8/15)             Temple (1/1) D:7           Sewer (visited)
   Lair: D:8-11

Altars:
Cheibriados
Dithmenos
Elyvilon
Gozag
Hepliaklqana
Kikubaaqudgha
Makhleb
Nemelex Xobeh
Okawaru
Ru
Sif Muna
Trog
Uskayaw
Vehumet
Wu Jian
Xom
Zin
The Shining One

Shops:
D:2 :   D:5 ?

Annotations:
D:1 1 runed translucent door


Message History

Your fulminant prism explodes!
The blast of energy engulfs something! x2
The blast of energy engulfs the hornet!!
You kill the hornet!
Vehumet accepts your kill.
The blast of energy engulfs the killer bee!!
You kill the killer bee!
Vehumet accepts your kill.
Unknown command.
Unknown command.
Unknown command.
Unknown command.
You see here a +0 dagger.
Something hits you but does no damage.
A killer bee comes into view.
Something hits you.
A killer bee comes into view.
Something hits you!
A killer bee comes into view.
You block something's attack. Something hits you but does no damage.
Something barely misses you. Something hits you but does no damage.
A killer bee comes into view.
The killer bee closely misses you. Something hits you.
You completely miss the killer bee. Something hits you.
The killer bee misses you.
The killer bee stings you but does no damage.
Something hits you!
A steam dragon comes into view.
The killer bee stings you. Something hits you.
You closely miss the killer bee. Something hits you!
* * * LOW HITPOINT WARNING * * *
The killer bee barely misses you. The killer bee misses you.
Something hits you!
* * * LOW HITPOINT WARNING * * *
The killer bee barely misses you.
An orc warrior comes into view. It is wielding a +0 short sword.
You block the killer bee's attack.
A killer bee comes into view.
Something hits you!
You die...

#'#≈ ####...## ..≈ #.......# .≈#
#.......# #≈# #.......# ....
#≈#### #.>.....# .... ... #≈...#
###.##### ... ..# #≈..<#
####...# .# #..#
#≈yyy####......# .# #..#
#≈[y@..........#
.####..######[.....##......#
≈≈≈≈≈≈≈[≈≈≈≈(#...#.....######
.....####yD([[...#####......####
.[.....[†o)..).................#
....(............###############
#....####........# .....#
########## ##...#


You could see a steam dragon, an orc warrior and 5 killer bees.

Vanquished Creatures
  A tengu warrior (D:8)
  Pikel (D:5)
  Maggie (D:7)
  A hornet (D:8)
  A shadow (D:8)
  Eustachio (D:4)
  A wyvern (D:8)
  A steam dragon (D:8)
  Menkaure (D:4)
  An acid dragon (D:8)
  A water moccasin (D:7)
  2 orc warriors
  2 sky beasts
  2 black bears
  A necrophage (D:7)
  3 ogres
  A centaur (D:7)
  4 lemures
  2 phantoms
  Blork the orc (D:6)
  2 kobold brigands
  2 scorpions
  3 bullfrogs
  7 killer bees
  2 water moccasin skeletons (D:5)
  5 wights
  A howler monkey (D:8)
  A crimson imp (D:4)
  A centaur zombie (D:8)
  3 hounds
  A jelly (D:8)
  2 orc priests (D:8)
  A bullfrog skeleton (D:6)
  A centaur skeleton (D:7)
  3 iguanas (D:5)
  Ijyb (D:4)
  Natasha (thrice) (D:4)
  6 orc wizards
  A killer bee zombie (D:8)
  A hound zombie (D:5)
  A howler monkey zombie (D:8)
  4 river rats
  2 adders
  A shadow imp (D:8)
  3 white imps
  An ufetubus (D:6)
  2 dart slugs
  15 orcs
  A bat (D:2)
  7 endoplasms
  6 giant cockroaches
  5 hobgoblins
  4 jackals
  6 ball pythons
  A frilled lizard (D:2)
  5 goblins
  13 kobolds
  9 rats
162 creatures vanquished.

Vanquished Creatures (others)
  An orc wizard (D:8)
  16 fulminant prisms
17 creatures vanquished.

Grand Total: 179 creatures vanquished

Notes
Turn   | Place    | Note
-------+----------+-------------------------------------------
     0 | D:1      | bnorton916 the Deep Elf Conjurer began the quest for the
                  | Orb.
     0 | D:1      | Reached XP level 1. HP: 10/10 MP: 6/6
     0 | D:1      | Noticed a jelly
     1 | D:1      | Found a runed translucent door.
   214 | D:1      | Reached XP level 2. HP: 15/15 MP: 2/8
   717 | D:2      | Reached skill level 5 in Conjurations
   717 | D:2      | Reached XP level 3. HP: 19/19 MP: 7/10
   720 | D:2      | Learned a level 2 spell: Searing Ray
   929 | D:2      | Found Tokkogg's Book Emporium.
  1884 | D:3      | You fall into a shaft and drop 2 floors!
  1884 | D:5      | Entered Level 5 of the Dungeon
  1886 | D:5      | Noticed a phantom
  1897 | D:5      | Reached skill level 5 in Spellcasting
  1897 | D:5      | Reached XP level 4. HP: 17/24 MP: 5/13
  1897 | D:5      | Killed a phantom
  1898 | D:5      | Reached XP level 5. HP: 20/28 MP: 3/15
  1903 | D:5      | Learned a level 4 spell: Fulminant Prism
  1908 | D:5      | Learned a level 4 spell: Iskenderun's Mystic Blast
  2113 | D:5      | Reached skill level 1 in Hexes
  2115 | D:5      | Reached skill level 1 in Translocations
  2423 | D:5      | Reached skill level 2 in Hexes
  2685 | D:4      | Reached skill level 3 in Hexes
  2685 | D:4      | Reached XP level 6. HP: 26/32 MP: 11/16
  2753 | D:4      | Noticed Eustachio
  2758 | D:4      | Killed Eustachio
  2759 | D:4      | Reached skill level 4 in Hexes
  2969 | D:4      | Reached XP level 7. HP: 29/36 MP: 13/17
  2973 | D:4      | Noticed Ijyb
  2981 | D:4      | Killed Ijyb
  3047 | D:4      | Noticed Menkaure
  3054 | D:4      | Killed Menkaure
  3055 | D:4      | Reached skill level 5 in Hexes
  3121 | D:4      | Found a glowing drain.
  3128 | Sewer    | Entered a sewer
  3430 | Sewer    | Reached skill level 6 in Hexes
  3531 | Sewer    | Reached skill level 5 in Translocations
  3693 | Sewer    | Found a white marble altar of Elyvilon.
  3855 | D:4      | Noticed Natasha
  3858 | D:4      | Killed Natasha
  3882 | D:4      | Noticed Natasha
  3888 | D:4      | Killed Natasha
  3970 | D:4      | Reached XP level 8. HP: 8/41 MP: 10/18
  3972 | D:4      | Reached skill level 7 in Hexes
  3978 | D:4      | Noticed Natasha
  3982 | D:5      | Found Ywahetyd's Magic Scroll Shoppe.
  4217 | D:5      | Bought a scroll of identify for 22 gold pieces
  4217 | D:5      | Bought a scroll of identify for 22 gold pieces
  4217 | D:5      | Bought a scroll of identify for 22 gold pieces
  4225 | D:4      | Killed Natasha
  4424 | D:4      | Found a burning altar of Makhleb.
  4424 | D:4      | Found a shimmering altar of Xom.
  4544 | D:4      | Found an iron altar of Okawaru.
  4698 | D:3      | Found a faded altar of an unknown god.
  5296 | D:5      | Reached skill level 8 in Hexes
  5946 | D:6      | Noticed Pikel
  6243 | D:5      | Killed Pikel
  6244 | D:5      | Reached skill level 1 in Armour
  6244 | D:5      | Reached skill level 1 in Shields
  6244 | D:5      | Reached XP level 9. HP: 7/45 MP: 5/19
  6647 | D:6      | Noticed Blork the orc
  6673 | D:6      | Killed Blork the orc
  6967 | D:6      | Found a glowing golden altar of the Shining One.
  7099 | D:6      | Found an ornate altar of the Wu Jian Council.
  7226 | D:6      | Found a glowing silver altar of Zin.
  7461 | D:7      | Found a staircase to the Ecumenical Temple.
  7487 | Temple   | Entered the Ecumenical Temple
  7494 | Temple   | Became a worshipper of Vehumet
  7514 | D:7      | Reached skill level 5 in Dodging
  8649 | D:7      | Noticed Maggie
  8656 | D:7      | Killed Maggie
  9050 | D:7      | Learned a level 3 spell: Ozocubu's Armour
  9055 | D:7      | Learned a level 4 spell: Sticky Flame
  9085 | D:8      | Reached skill level 1 in Fire Magic
  9085 | D:8      | Reached skill level 1 in Ice Magic
  9337 | D:8      | Reached XP level 10. HP: 27/50 MP: 16/20
  9684 | D:8      | Reached * piety under Vehumet
  9684 | D:8      | Offered knowledge of Freeze by Vehumet.
  9993 | D:8      | Noticed a tengu warrior
 10007 | D:8      | Killed a tengu warrior
 10303 | D:8      | Slain by an unseen horror

Illustrated notes

Levels and vault maps discovered:
D:1:      dpeg_arrival_caged_fury, layout_rooms, grunt_decor_junction
D:2:      layout_loops_cross, serial_shops, shop, serial_bayou_lagoon_b
D:3:      layout_basic, shapermc_ecumenical_altar_venn
D:4:      layout_rooms, grunt_temple_overflow_champion_of_chaos,
          mainiacjoe_overflow_concentric_impassable, portal_sewer_entry_e,
          hangedman_decor_diamond_cutter, uniq_ijyb, uniq_menkaure,
          uniq_eustachio, uniq_natasha
D:5:      layout_basic, serial_shops, nicolae_stop_n_shop_2, hex_medium
D:6:      layout_cave_pools, kennysheep_little_box, tso_metal_star,
          zin_treasury, serial_park_tiny_pond, uniq_pikel, uniq_blork_the_orc
D:7:      layout_basic, minmay_temple_entry_tees, minmay_fountain_box,
          uniq_maggie
D:8:      cheibrodos_ideogram_h, layout_rooms, nicolae_ashenzari_panopticon,
          grunt_qazlal_sundering, ebering_ghost_reflecting_pool,
          grunt_ministairs_12
Temple:   nicolae_temple_no_exploring_needed

Skill      XL: |  1  2  3  4  5  6  7  8  9 10 |
---------------+-------------------------------+-----
Spellcasting   | 4 5 |  5.6
Conjurations   | 5 |  5.9
Hexes          | 3 4 6 8 |  8.7
Translocations | 2 3 5 7 |  7.2
Armour         | 1 4 |  4.0
Dodging        | 3 7 |  7.2
Shields        | 1 4 |  4.0
Fire Magic     | 1 4 |  4.9
Ice Magic      | 1 4 |  4.9
Stealth        | |  2.4

Action                   |  1- 3 |  4- 6 |  7- 9 | 10-12 || total
-------------------------+-------+-------+-------+-------++-------
Melee: Dagger            |       |       |       |     3 ||     3
 Cast: Magic Dart        |    62 |     8 |   110 |    10 ||   190
       Searing Ray       |     1 |     9 |    53 |     8 ||    71
       Iskenderun's Myst |       |       |    12 |     6 ||    18
       Fulminant Prism   |       |       |     9 |     7 ||    16
Evoke: Wand              |       |       |     1 |       ||     1
  Use: Scroll            |       |     3 |     7 |       ||    10
       Potion            |       |       |     3 |       ||     3
Armor: Robe              |       |     1 |     5 |       ||     6
       Steam dragon scal |       |       |       |     8 ||     8
Dodge: Dodged            |     5 |     4 |    34 |    15 ||    58
Block: Buckler           |       |       |     3 |     8 ||    11
